 Dungeon Crawl Stone Soup version 0.25.0-41-g26779e291d (webtiles) character file.

Game seed: 9959320116623256407

384665 Delamore the Hoplite (level 22, -4/146 HPs)
             Began as a Gargoyle Fighter on July 10, 2020.
             Was a High Priest of Qazlal.
             Killed from afar by a Hell Sentinel (15 damage)
             ... with damnation
             ... summoned by a deep elf demonologist
             ... led by an ironheart preserver
             ... on level 4 of the Vaults.
             The game lasted 01:04:24 (41390 turns).

Delamore the Hoplite (Gargoyle Fighter)            Turns: 41390, Time: 01:04:24

Health: -4/146     AC: 47    Str: 29    XL:     22   Next: 97%
Magic:  36/36      EV:  5    Int: 12    God:    Qazlal [*****.]
Gold:   1712       SH: 35    Dex: 19    Spells: 19/21 levels left

rFire    + . .     SeeInvis .   Q - +1 demon whip (freeze)
rCold    + + .     Gourm    .   X - +1 tower shield {rF+}
rNeg     + . .     Faith    .   G - +7 crystal plate armour of Twilight {Str+2}
rPois    ∞         Spirit   .   n - +2 helmet
rElec    +         Reflect  .   w - +0 cloak
rCorr    .         Harm     .   M - +1 pair of gloves
MR       +....                  A - +0 pair of boots (curse)
Stlth    ..........             V - amulet "Pumayf" {Regen+ Dex+4}
HPRegen  0.74/turn              W - +6 ring of dexterity
MPRegen  0.25/turn              Z - ring of protection from cold

@: protected from cold, flying, studying Necromancy, repel missiles
A: big wings, negative energy resistance 1, electricity resistance, unbreathing,
petrification resistance, rot immunity, AC +16
}: 2/15 runes: decaying, serpentine
a: Stop Flying, Upheaval, Elemental Force, Disaster Area, Renounce Religion


You were on level 4 of the Vaults.
You worshipped Qazlal.
Qazlal was extremely pleased with you.
You were not hungry.

You visited 7 branches of the dungeon, and saw 36 of its levels.
You also visited: Bailey, Gauntlet, Ice Cave and Volcano.

You collected 3830 gold pieces.
You spent 2118 gold pieces at shops.

Inventory:

Hand Weapons
 Q - a +1 demon whip of freezing (weapon)
Missiles
 E - 4 throwing nets (quivered)
 O - 4 arrows
 T - 24 silver javelins
Armour
 n - a +2 helmet (worn)
 w - a +0 cloak (worn)
 A - a cursed +0 pair of boots (worn)
 G - the +7 crystal plate armour of Twilight (worn) {Str+2}
   (You bought it in a shop on level 2 of the Orcish Mines)

   It affects your strength (+2).
 M - a +1 pair of gloves (worn)
 X - a +1 tower shield of fire resistance (worn)
Jewellery
 H - an uncursed ring of poison resistance {unknown}
 V - the amulet "Pumayf" (around neck) {Regen+ Dex+4}
   (You found it in a Gauntlet)

   [amulet of regeneration]

   It affects your dexterity (+4).
   It increases your rate of regeneration.
 W - a +6 ring of dexterity (left hand)
 Z - a ring of protection from cold (right hand)
Wands
 h - a wand of random effects (24)
 o - a wand of digging (7)
 I - a wand of flame (60)
 L - a wand of clouds (12)
 N - a wand of iceblast (18)
 P - a wand of acid (32)
 R - a wand of disintegration (30)
Scrolls
 a - 3 scrolls of amnesia
 c - a scroll of holy word
 e - 9 scrolls of fear
 i - 5 scrolls of enchant weapon
 j - 22 scrolls of teleportation
 k - 9 scrolls of fog
 l - 7 scrolls of enchant armour
 u - a scroll of silence
 y - 15 scrolls of remove curse
 z - 6 scrolls of blinking
 B - 7 scrolls of magic mapping
 C - 2 scrolls of summoning
 D - 9 scrolls of identify
 J - 6 scrolls of immolation
 U - a scroll of brand weapon
Potions
 d - 10 potions of might
 g - 2 potions of berserk rage
 p - 15 potions of curing
 r - 5 potions of mutation
 s - a potion of magic
 t - 4 potions of resistance
 v - 2 potions of cancellation
 F - 6 potions of haste
 K - 8 potions of heal wounds
Books
 x - a manual of Necromancy
Miscellaneous
 b - a phial of floods
 q - 2 phantom mirrors
Comestibles
 f - 66 rations
 m - 5 chunks of flesh


   Skills:
 - Level 17.7 Fighting
 - Level 12.0 Maces & Flails
 - Level 3.2 Armour
 - Level 25.0 Shields
 + Level 21.7 Invocations
 - Level 4.1 Evocations


You had 19 spell levels left.
You knew the following spells:

 Your Spells              Type           Power        Failure   Level  Hunger
a - Blink                 Tloc           N/A          100%        2    ###....

Your spell library contained the following spells:

 Spells                   Type           Power        Failure   Level  Hunger
 Animate Skeleton         Necr           N/A          100%        1    ##.....
 Corona                   Hex            #......      100%        1    ##.....
 Foxfire                  Conj/Fire      #...         100%        1    ##.....
 Freeze                   Ice            #...         100%        1    ##.....
 Infusion                 Chrm           #...         100%        1    ##.....
 Magic Dart               Conj           #...         100%        1    ##.....
 Pain                     Necr           #...         100%        1    ##.....
 Sandblast                Erth           #.....       100%        1    ##.....
 Shock                    Conj/Air       #...         100%        1    ##.....
 Call Imp                 Summ           #.......     100%        2    ###....
 Corpse Rot               Necr/Air       N/A          100%        2    ###....
 Ensorcelled Hibernation  Hex/Ice        #.....       100%        2    ###....
 Passwall                 Tmut/Erth      #.......     100%        2    ###....
 Poisonous Vapours        Pois/Air       #.....       100%        2    ###....
 Searing Ray              Conj           #.....       100%        2    ###....
 Shroud of Golubria       Chrm/Tloc      #.....       100%        2    ###....
 Slow                     Hex            #.......     100%        2    ###....
 Song of Slaying          Chrm           #.......     100%        2    ###....
 Swiftness                Chrm/Air       #.......     100%        2    ###....
 Confusing Touch          Hex            #.......     100%        3    ####...
 Conjure Flame            Conj/Fire      #.......     100%        3    ####...
 Dazzling Flash           Conj/Hex       #.....       100%        3    ####...
 Frozen Ramparts          Ice            #.....       100%        3    ####...
 Gell's Gravitas          Tloc           #.........   100%        3    ####...
 Ignite Poison            Fire/Tmut/Pois #.......     100%        3    ####...
 Inner Flame              Hex/Fire       #.......     100%        3    ####...
 Mephitic Cloud           Conj/Pois/Air  #.......     100%        3    ####...
 Ozocubu's Armour         Chrm/Ice       #.......     100%        3    ####...
 Portal Projectile        Hex/Tloc       #.....       100%        3    ####...
 Spectral Weapon          Hex/Chrm       #.......     100%        3    ####...
 Stone Arrow              Conj/Erth      #.....       100%        3    ####...
 Tukima's Dance           Hex            #.......     100%        3    ####...
 Vampiric Draining        Necr           #.........   100%        3    ####...
 Airstrike                Air            #.........   100%        4    #####..
 Animate Dead             Necr           N/A          100%        4    #####..
 Cause Fear               Hex            #.........   100%        4    #####..
 Fulminant Prism          Conj/Hex       #.........   100%        4    #####..
 Hailstorm                Conj/Ice       #.......     100%        4    #####..
 Iskenderun's Mystic Bla  Conj/Tloc      #.......     100%        4    #####..
 Leda's Liquefaction      Hex/Erth       #.........   100%        4    #####..
 Petrify                  Tmut/Erth      #.......     100%        4    #####..
 Sticky Flame             Conj/Fire      #.......     100%        4    #####..
 Summon Ice Beast         Ice/Summ       #.......     100%        4    #####..
 Summon Lightning Spire   Summ/Air       #.......     100%        4    #####..
 Agony                    Necr           #.......     100%        5    ######.
 Alistair's Intoxication  Tmut/Pois      #.......     100%        5    ######.
 Bolt of Magma            Conj/Fire/Erth #.........   100%        5    ######.
 Irradiate                Conj/Tmut      #.........   100%        5    ######.
 Iskenderun's Battlesphe  Conj/Chrm      #.......     100%        5    ######.
 Metabolic Englaciation   Hex/Ice        #.........   100%        5    ######.
 Silence                  Hex/Air        #.........   100%        5    ######.
 Summon Forest            Summ/Tloc      #.........   100%        5    ######.
 Yara's Violent Unravell  Hex/Tmut       #.........   100%        5    ######.
 Conjure Ball Lightning   Conj/Air       #.........   100%        6    #######
 Eringya's Noxious Bog    Tmut/Pois      #.........   100%        6    #######
 Freezing Cloud           Conj/Ice/Air   #.........   100%        6    #######
 Hydra Form               Tmut           #.........   100%        6    #######
 Iron Shot                Conj/Erth      #.........   100%        6    #######
 Dragon Form              Tmut           #.........   100%        7    #######
 Orb of Destruction       Conj           #.........   100%        7    #######
 Ring of Flames           Chrm/Fire      #.........   100%        7    #######
 Spellforged Servitor     Conj/Summ      #.........   100%        7    #######
 Summon Hydra             Summ           #.........   100%        7    #######
 Chain Lightning          Conj/Air       #.........   100%        8    #######
 Discord                  Hex            #.........   100%        8    #######
 Lehudib's Crystal Spear  Conj/Erth      #.........   100%        8    #######
 Absolute Zero            Ice            #.........   100%        9    #######
 Fire Storm               Conj/Fire      #.........   100%        9    #######
 Shatter                  Erth           #.........   100%        9    #######
 Sublimation of Blood     Necr           Unusable     N/A         2    N/A
 Statue Form              Tmut/Erth      Unusable     N/A         6    N/A

Dungeon Overview and Level Annotations

Branches:
Dungeon (15/15)            Temple (1/1) D:6            Lair (6/6) D:11
  Swamp (4/4) Lair:2        Snake (4/4) Lair:3        Slime (0/5) Lair:6
    Orc (2/2) D:11            Elf (0/3) Orc:2        Vaults (4/5) D:13
  Crypt (0/3) Vaults:2     Depths (0/5) D:15         Bailey (visited)
  IceCv (visited)         Volcano (visited)         Gauntlet (visited)

Altars:
Ashenzari
Cheibriados
Dithmenos
Elyvilon
Fedhas
Gozag
Hepliaklqana
Kikubaaqudgha
Makhleb
Qazlal
Ru
Sif Muna
Trog
Uskayaw
Vehumet
Wu Jian
Xom
Yredelemnul
Zin
The Shining One

Shops:
D:14 (   Orc:1 (   Orc:2 [![*   Snake:1 [   Snake:4 }==   Vaults:1 ?
Vaults:2 (

Annotations:
Lair:6 exclusion: oklob plant
Vaults:4 3 runed translucent doors, Vomuna's ghost, legendary MfSk; dolemite99's ghost, veteran DrFE


Innate Abilities, Weirdness & Mutations

You are resistant to torment.
Your stone body is resilient. (AC +16)
You are immune to poison.
Your large and strong wings let you fly indefinitely.
You resist negative energy. (rN+)
You are resistant to electric shocks. (rElec)
You can survive without breathing.
You are immune to petrification.
You are immune to rotting.


Message History

The Hell Sentinel gestures at you. The iron shot hits you!!
You feel protected from physical attacks.
* * * LOW HITPOINT WARNING * * *
You hear a twanging sound.
An arrow appears from out of thin air!
You block the arrow.
You see here an arrow.
You hear some strange, mumbled words.
A shard of ice appears from out of thin air!
The shard of ice hits you but does no damage.
Your resistance to physical damage fades away.
You feel protected from cold. The Hell Sentinel gestures at you.
The sphere of damnation explodes!
The damnation engulfs you!!
* * * LOW HITPOINT WARNING * * *
You hear a twanging sound.
An arrow appears from out of thin air!
The arrow hits you but does no damage. The Hell Sentinel gestures at you.
The sphere of damnation explodes!
The damnation engulfs you!
You die...

......'...
......'..###
......#.4..
.....224{###
#e1#.#
#○(#.#####.#
#°○°.......#
#(.........#
##@#########
##...##
##..☼..##
#...<.^.##
##..#####..##
### +... #...#
###[### #...
#...####=#}#:#
#...
#...##|)W⌠_⌠".
##..##+##..##
#WLL....


You could see a Hell Sentinel (summoned), a deep elf demonologist, a rust devil
(summoned), a tormentor (summoned) and a chaos spawn (summoned).

Vanquished Creatures
  A bone dragon (Swamp:4)
  Rupert (D:12)
  Kirke (Swamp:2)
  2 sphinxes
  Gastronok (Lair:2)
  A thorn hunter (Swamp:4)
  8 nagarajas
  2 frost giants (Vaults:4)
  2 fire giants
  2 orc warlords
  A curse skull (Vaults:2)
  The ghost of Wetiucw the Fighter, a journeyman DsGl of Hepliaklqana (Snake:3)
  5 vault wardens
  9 ironheart preservers
  A stone giant (Vaults:2)
  6 very ugly things
  Nessos (D:15)
  A minotaur (Gauntlet)
  2 fire dragons
  A deep elf death mage (Vaults:2)
  An ettin (Vaults:1)
  6 yaktaur captains
  15 hydras
  4 ice dragons
  2 rakshasas
  12 vault guards
  Harold (D:8)
  A great orb of eyes (Vaults:3)
  13 naga warriors
  A shambling mangrove (Swamp:1)
  7 catoblepae
  2 ghost crabs (Swamp:4)
  4 centaur warriors
  6 anacondas
  15 alligators
  43 two-headed ogres
  5 death knights
  The ghost of TheNamelessOne the Cleaver, a novice FoFi of Okawaru (D:9)
  2 deep troll shamans (Vaults:4)
  9 death yaks (Lair:6)
  13 ogre magi
  A deep troll earth mage (Vaults:3)
  2 vampire magi
  4 orc high priests (Orc:2)
  20 naga sharpshooters
  9 shock serpents
  7 spriggans
  6 deep elf knights
  Nergalle (Lair:2)
  A shadow wraith (Vaults:4)
  A salamander mystic (Snake:1)
  8 deep trolls
  2 spriggan druids (Swamp:4)
  An unseen horror (shapeshifter) (Vaults:4)
  3 flayed ghosts
  An unseen horror (Vaults:1)
  3 wizards
  2 spectral hydras (Swamp:4)
  11 sea snakes (Snake:4)
  A glowing orange brain (Vaults:1)
  6 skeletal warriors
  3 swamp dragons
  3 deep elf archers
  11 naga ritualists
  A phantasmal warrior (Swamp:4)
  19 orc knights
  10 ironbrand convokers
  12 harpies
  5 deep elf magi
  4 necromancers
  7 orc sorcerers
  A stone giant zombie (D:15)
  10 mana vipers
  6 wolf spiders
  38 ugly things
  10 salamanders
  3 manticores
  10 cyclopes
  5 guardian serpents
  32 black mambas
  Maurice (D:12)
  A salamander (shapeshifter) (Vaults:1)
  10 elephants (Lair:5)
  A frost giant skeleton (Vaults:1)
  26 naga magi
  9 vault sentinels
  Joseph (D:7)
  An iron dragon skeleton (D:15)
  4 ice statues
  A gargoyle (Gauntlet)
  19 spiny frogs
  A spiny frog (shapeshifter) (Vaults:1)
  3 centaur skeletons
  A torpor snail (Lair:4)
  11 freezing wraiths
  A human zombie (Vaults:1)
  A yaktaur (shapeshifter) (Vaults:1)
  9 ice devils (IceCv)
  9 komodo dragons
  3 kobold demonologists
  28 yaktaurs
  A minotaur zombie (Gauntlet)
  2 guardian mummies (D:15)
  6 swamp worm zombies (Swamp:4)
  A hydra zombie (Swamp:4)
  A jumping spider (shapeshifter) (Vaults:1)
  13 trolls
  13 tyrant leeches
  A wind drake (shapeshifter) (Vaults:4)
  7 polar bears
  13 hornets
  Grinder (D:4)
  3 alligator zombies (Swamp:4)
  A spriggan zombie (D:15)
  24 blink frogs
  5 dream sheep
  3 spectral swamp dragons (Swamp:4)
  10 bog bodies
  36 slime creatures
  A fire giant simulacrum (Vaults:2)
  Prince Ribbit (D:7)
  A fire dragon zombie (D:15)
  8 hippogriffs
  Sigmund (D:2)
  2 vampires
  6 shadows
  4 wyverns
  2 basilisks
  40 yaks
  7 wraiths
  A basilisk (shapeshifter) (Vaults:3)
  9 fire bats (Volcano)
  A human (D:7)
  8 hogs
  3 hungry ghosts
  40 vampire mosquitoes
  A steam dragon (D:13)
  5 wargs
  25 insubstantial wisps
  47 nagas
  17 swamp worms
  3 acid dragons
  Duvessa (D:4)
  13 water moccasins
  39 orc warriors
  5 porcupines
  3 sky beasts (D:9)
  An elf zombie (Vaults:1)
  2 swamp drakes
  10 phantoms
  A black bear (shapeshifter) (Vaults:2)
  3 black bears
  10 ice beasts
  6 swamp dragon zombies (Swamp:4)
  40 ogres
  8 boggarts
  16 crocodiles
  5 wolves
  10 centaurs
  2 big kobolds (D:14)
  20 bullfrogs
  A yaktaur skeleton (Vaults:1)
  A wyvern zombie (D:12)
  A glowing shapeshifter simulacrum (Vaults:2)
  A human skeleton (Vaults:1)
  Dowan (D:4)
  A water moccasin zombie (D:9)
  3 scorpions
  A human simulacrum (Vaults:2)
  14 killer bees
  8 wights
  6 electric eels
  2 howler monkeys
  6 crimson imps
  2 centaur zombies
  A draconian simulacrum (IceCv)
  Crazy Yiuf (D:4)
  6 hounds
  A jelly (D:11)
  19 orc priests
  A gnoll shaman (D:9)
  3 bullfrog skeletons
  3 iguanas
  16 orc wizards
  A spectral swamp drake (Swamp:4)
  Natasha (thrice) (D:2)
  3 troll simulacra (IceCv)
  9 worker ants
  A killer bee zombie (D:8)
  A hound skeleton (D:9)
  Robin (D:2)
  9 gnolls
  3 ogre simulacra (IceCv)
  18 adders
  3 naga simulacra (IceCv)
  2 swamp drake zombies (Swamp:4)
  6 shadow imps
  4 dart slugs (D:1)
  A leopard gecko (D:9)
  76 orcs
  5 bats
  2 giant cockroaches
  23 hobgoblins
  5 jackals
  9 kobolds
  4 quokkas
  4 frilled lizards
  22 goblins
  A jackal skeleton (D:4)
  A jackal zombie (D:5)
  3 quokka skeletons
  A quokka zombie (D:8)
  7 rats
1529 creatures vanquished.

Vanquished Creatures (collateral kills)
  A necromancer (Vaults:2)
  An ugly thing (Vaults:2)
2 creatures vanquished.

Vanquished Creatures (others)
  An ironheart preserver (Vaults:4)
  A naga sharpshooter (Snake:4)
  A shadow (D:15)
  An insubstantial wisp (Swamp:4)
  A naga (Snake:4)
  An orc priest (Vaults:3)
  2 orc wizards (Orc:2)
  An orc (Bailey)
  10 fungi
  49 plants
  3 withered plants (Gauntlet)
71 creatures vanquished.

Grand Total: 1602 creatures vanquished

Notes
Turn   | Place    | Note
-------+----------+-------------------------------------------
     0 | D:1      | Delamore the Gargoyle Fighter began the quest for the Orb.
     0 | D:1      | Reached XP level 1. HP: 14/14 MP: 1/1
   148 | D:1      | Reached XP level 2. HP: 19/19 MP: 2/2
   527 | D:1      | Reached XP level 3. HP: 19/24 MP: 3/3
  1182 | D:2      | Noticed Robin
  1196 | D:2      | Killed Robin
  1200 | D:2      | Reached XP level 4. HP: 26/30 MP: 4/4
  1538 | D:2      | Noticed Sigmund
  1540 | D:2      | Noticed Natasha
  1556 | D:2      | Killed Sigmund
  1556 | D:2      | Reached skill level 5 in Fighting
  1556 | D:2      | Reached XP level 5. HP: 12/36 MP: 5/5
  1556 | D:2      | Reached XP level 6. HP: 14/40 MP: 6/6
  1557 | D:2      | Killed Natasha
  1560 | D:2      | Noticed Natasha
  1571 | D:2      | Killed Natasha
  1826 | D:2      | Learned a level 2 spell: Blink
  2142 | D:2      | Noticed Natasha
  2152 | D:2      | Killed Natasha
  2152 | D:2      | Reached skill level 5 in Maces & Flails
  2555 | D:3      | Reached XP level 7. HP: 46/46 MP: 7/7
  2662 | D:3      | Noticed a hornet
  2678 | D:3      | Killed a hornet
  3085 | D:4      | Found a runed translucent door.
  3086 | D:4      | Noticed Crazy Yiuf
  3192 | D:4      | Noticed Dowan
  3192 | D:4      | Noticed Duvessa
  3214 | D:4      | Killed Duvessa
  3224 | D:4      | Noticed Grinder
  3227 | D:4      | Killed Dowan
  3252 | D:4      | Killed Grinder
  3252 | D:4      | Reached XP level 8. HP: 32/51 MP: 8/8
  3715 | D:4      | Killed Crazy Yiuf
  3797 | D:5      | Entered Level 5 of the Dungeon
  4187 | D:5      | Reached skill level 10 in Maces & Flails
  4414 | D:5      | Found a shimmering blue altar of Sif Muna.
  4617 | D:5      | Reached XP level 9. HP: 55/55 MP: 9/9
  4863 | D:6      | Found a staircase to the Ecumenical Temple.
  4994 | Temple   | Entered the Ecumenical Temple
  5159 | Temple   | Became a worshipper of Qazlal Stormbringer
  6067 | D:7      | Noticed Joseph
  6098 | D:7      | Killed Joseph
  6247 | D:7      | Reached skill level 4 in Shields
  6356 | D:7      | Got a twisted hand axe
  6357 | D:7      | Identified the +4 hand axe of Guilt {vorpal, rN+ Int+2}
                  | (You found it on level 7 of the Dungeon)
  6493 | D:7      | Reached skill level 5 in Shields
  6493 | D:7      | Reached XP level 10. HP: 52/63 MP: 10/10
  6699 | D:7      | Noticed Prince Ribbit
  6713 | D:7      | Killed Prince Ribbit
  6713 | D:7      | Reached skill level 6 in Shields
  6776 | D:7      | Got a glimmering trident
  6777 | D:7      | Identified the +5 trident "Caokynega" {vorpal, +Inv} (You
                  | found it on level 7 of the Dungeon)
  7116 | D:8      | Reached * piety under Qazlal
  7150 | D:8      | Noticed a two-headed ogre
  7161 | D:8      | Killed a two-headed ogre
  7161 | D:8      | Reached skill level 7 in Shields
  7219 | D:8      | Noticed a manticore
  7578 | D:8      | Killed a manticore
  7800 | D:8      | Found a sacrificial altar of Ru.
  7857 | D:8      | Found a shattered altar of Ashenzari.
  7902 | D:8      | Noticed Harold
  7911 | D:8      | Reached skill level 8 in Shields
  7936 | D:8      | Killed Harold
  7936 | D:8      | Reached skill level 10 in Fighting
  7936 | D:8      | Reached XP level 11. HP: 48/72 MP: 11/11
  8391 | D:8      | Reached skill level 9 in Shields
  8525 | D:9      | Reached ** piety under Qazlal
  8595 | D:9      | Got a jacinth-encrusted ring mail
  8606 | D:9      | Identified the +3 ring mail of Ethics {rElec} (You found it
                  | on level 9 of the Dungeon)
  9122 | D:9      | Noticed TheNamelessOne's ghost (novice FoFi)
  9416 | D:9      | Found a large runed translucent door.
  9416 | D:9      | Found a large runed translucent door.
  9438 | D:9      | Found an ornate altar of the Wu Jian Council.
  9542 | D:9      | Killed TheNamelessOne's ghost
  9725 | D:10     | Entered Level 10 of the Dungeon
 10284 | D:10     | Noticed a vampire mage
 10319 | D:10     | Noticed a flayed ghost
 10340 | D:10     | Noticed a jiangshi
 10343 | D:10     | Killed a vampire mage
 10343 | D:10     | Reached skill level 10 in Shields
 10667 | D:10     | Identified the Disquisition on Ashen Blows and Bruises
 10927 | D:11     | Found a stormy altar of Qazlal.
 10933 | D:11     | Noticed a cyclops
 10944 | D:11     | Killed a cyclops
 11055 | D:11     | Reached *** piety under Qazlal
 11076 | D:11     | Noticed a green ugly thing
 11108 | D:10     | Killed a green ugly thing
 11248 | D:11     | Found a staircase to the Orcish Mines.
 11293 | D:11     | Found a staircase to the Lair.
 11320 | D:11     | Noticed a red ugly thing
 11351 | D:11     | Killed a red ugly thing
 11791 | Lair:1   | Entered Level 1 of the Lair of Beasts
 11801 | Lair:1   | Reached skill level 11 in Shields
 12006 | Lair:1   | Identified a scroll of acquirement
 12007 | Lair:1   | Acquired a +1 demon whip of freezing
 12138 | Lair:1   | Reached XP level 12. HP: 81/81 MP: 12/12
 12846 | Lair:2   | Noticed Gastronok
 13091 | Lair:2   | Killed Gastronok
 13127 | Lair:2   | Noticed Nergalle
 13138 | Lair:2   | Killed Nergalle
 13138 | Lair:2   | Reached skill level 12 in Shields
 13289 | Lair:2   | Reached **** piety under Qazlal
 13381 | Lair:2   | Noticed a five-headed hydra
 13395 | Lair:2   | Killed a five-headed hydra
 13702 | Lair:2   | Found a staircase to the Swamp.
 14319 | Lair:3   | Found a dark tunnel.
 14327 | Volcano  | Entered a volcano
 14364 | Volcano  | Noticed a two-headed ogre
 14370 | Volcano  | Killed a two-headed ogre
 14387 | Volcano  | Reached skill level 13 in Shields
 14654 | Volcano  | Noticed a two-headed ogre
 14665 | Volcano  | Killed a two-headed ogre
 14665 | Volcano  | Reached XP level 13. HP: 68/90 MP: 13/13
 14797 | Volcano  | Noticed a fire dragon
 14817 | Volcano  | Killed a fire dragon
 15177 | Lair:3   | Found a staircase to the Snake Pit.
 15376 | Lair:3   | Found an ancient bone altar of Kikubaaqudgha.
 15815 | Lair:4   | Reached skill level 14 in Shields
 15825 | Lair:4   | Reached ***** piety under Qazlal
 15873 | Lair:4   | Found a gate leading to a gauntlet.
 15880 | Gauntlet | Entered a Gauntlet
 15880 | Gauntlet | Found a transporter.
 15880 | Gauntlet | Found a transporter.
 15882 | Gauntlet | Found a transporter.
 15883 | Gauntlet | Found a transporter.
 15883 | Gauntlet | Found a transporter.
 15886 | Gauntlet | Found a transporter.
 15916 | Gauntlet | Found a transporter.
 15918 | Gauntlet | Found a transporter.
 15919 | Gauntlet | Found a transporter.
 15923 | Gauntlet | Found a transporter.
 15933 | Gauntlet | Noticed a blizzard demon
 15936 | Gauntlet | Found a transporter.
 15958 | Gauntlet | Found a transporter.
 16116 | Gauntlet | Got a pitted plate armour
 16127 | Gauntlet | Identified the cursed +1 plate armour "Seilet" {Str+10}
                  | (You found it in a Gauntlet)
 16187 | Gauntlet | Got a pair of dazzling boots
 16195 | Gauntlet | Identified the cursed -4 pair of boots of the Great Game
                  | {+Inv rPois Str-3} (You found it in a Gauntlet)
 16298 | Gauntlet | Noticed a minotaur
 16315 | Gauntlet | Killed a minotaur
 16315 | Gauntlet | Reached skill level 15 in Fighting
 16327 | Gauntlet | Got a vibrating zirconium amulet
 16375 | Lair:4   | Identified the amulet "Pumayf" {Regen+ Dex+4} (You found it
                  | in a Gauntlet)
 16591 | Lair:4   | Found a runed translucent door.
 17276 | Lair:5   | Reached skill level 15 in Shields
 17319 | Lair:5   | Gained mutation: Your large and strong wings let you fly
                  | indefinitely. [Gargoyle growth]
 17319 | Lair:5   | Reached XP level 14. HP: 98/98 MP: 13/17
 17465 | Lair:5   | Reached XP level 15. HP: 101/104 MP: 18/18
 18337 | Lair:6   | Entered Level 6 of the Lair of Beasts
 18486 | Lair:6   | Reached ****** piety under Qazlal
 18502 | Lair:5   | Reached skill level 16 in Shields
 19743 | Lair:6   | Found a staircase to the Slime Pits.
 20027 | Orc:1    | Entered Level 1 of the Orcish Mines
 20027 | Orc:1    | Found Lemom's Weapon Shoppe.
 20033 | Orc:1    | Noticed an orc warlord
 20076 | D:11     | Killed an orc warlord
 20177 | Orc:1    | Found a frozen archway.
 20191 | Orc:1    | Reached skill level 17 in Shields
 20230 | IceCv    | Entered an ice cave
 20454 | IceCv    | Reached XP level 16. HP: 95/114 MP: 19/19
 20735 | Orc:1    | Found a radiant altar of Vehumet.
 21061 | Orc:2    | Entered Level 2 of the Orcish Mines
 21096 | Orc:2    | Found a staircase to the Elven Halls.
 21452 | Orc:2    | Found Otiazac's Assorted Antiques.
 21452 | Orc:2    | Found Ovoarch's Armour Boutique.
 21453 | Orc:2    | Found Ossu's Antique Armour Shoppe.
 21453 | Orc:2    | Found Vamexaacw's Distillery.
 21599 | Orc:2    | Reached skill level 18 in Shields
 22267 | Orc:2    | Bought the +7 crystal plate armour of Twilight {Str+2} for
                  | 2118 gold pieces
 22493 | D:12     | Found a white marble altar of Elyvilon.
 22730 | D:12     | Noticed Rupert
 22761 | D:12     | Killed Rupert
 22833 | D:12     | Noticed Maurice
 22847 | D:12     | Killed Maurice
 23145 | D:13     | Reached skill level 19 in Shields
 23339 | D:13     | Found a gate to the Vaults.
 23938 | D:14     | Found a flagged portal.
 23943 | Bailey   | Entered a bailey
 24019 | Bailey   | Found an iron altar of Okawaru.
 24409 | Bailey   | Identified the Papyrus of Feathers and Envenoming
 24423 | Bailey   | Got a crude buckler
 24438 | Bailey   | Identified the cursed +0 buckler of Mental Paralysis {+Inv}
                  | (You found it in a bailey)
 24438 | Bailey   | Acquired a manual of Necromancy
 24776 | D:14     | Found Caurr's Weapon Shop.
 24975 | D:14     | Reached skill level 20 in Shields
 25390 | D:15     | Entered Level 15 of the Dungeon
 25423 | D:15     | Reached XP level 17. HP: 111/119 MP: 20/20
 25463 | D:15     | Paralysed by an ogre mage for 6 turns
 25499 | D:15     | Paralysed by an ogre mage for 7 turns
 25607 | D:15     | Reached skill level 5 in Invocations
 25780 | D:15     | Noticed Nessos
 25864 | D:15     | Killed Nessos
 25868 | D:15     | Found a staircase to the Depths.
 26635 | Snake:1  | Entered Level 1 of the Snake Pit
 26648 | Snake:1  | Reached skill level 21 in Shields
 26997 | Snake:1  | Found Fisysmach's Antique Armour Emporium.
 28235 | Snake:2  | Reached XP level 18. HP: 124/124 MP: 25/25
 28663 | Snake:3  | Reached skill level 10 in Invocations
 29260 | Snake:3  | Found a runed translucent door.
 29260 | Snake:3  | Noticed Wetiucw's ghost (journeyman DsGl)
 29302 | Snake:3  | Killed Wetiucw's ghost
 29718 | Snake:4  | Entered Level 4 of the Snake Pit
 29742 | Snake:4  | Reached skill level 22 in Shields
 30000 | Snake:4  | Found a shadowy altar of Dithmenos.
 30917 | Snake:4  | Reached XP level 19. HP: 125/129 MP: 28/28
 31045 | Snake:4  | Reached skill level 23 in Shields
 31229 | Snake:4  | Got a serpentine rune of Zot
 31398 | Snake:4  | Found Zahe's Jewellery Shoppe.
 31399 | Snake:4  | Found Ufetioni's Gadget Boutique.
 31400 | Snake:4  | Found Jyducli's Jewellery Shoppe.
 31667 | Swamp:1  | Entered Level 1 of the Swamp
 32601 | Swamp:2  | Noticed Kirke
 32686 | Swamp:2  | Killed Kirke
 34038 | Swamp:4  | Entered Level 4 of the Swamp
 34401 | Swamp:4  | Reached skill level 15 in Invocations
 34893 | Swamp:4  | Noticed a bone dragon
 34956 | Swamp:4  | Killed a bone dragon
 34956 | Swamp:4  | Reached skill level 24 in Shields
 35057 | Swamp:4  | Got a decaying rune of Zot
 35215 | Swamp:4  | Reached XP level 20. HP: 136/136 MP: 31/31
 35505 | Vaults:1 | Entered Level 1 of the Vaults
 35530 | Vaults:1 | Reached XP level 21. HP: 137/140 MP: 28/32
 35928 | Vaults:1 | Found Qavaihe's Magic Scroll Boutique.
 37720 | Vaults:2 | Reached skill level 25 in Shields
 37724 | Vaults:2 | Paralysed by a wizard for 3 turns
 37799 | Vaults:2 | Paralysed by an ogre mage for 3 turns
 38457 | Vaults:2 | Reached XP level 22. HP: 146/146 MP: 35/35
 38966 | Vaults:2 | Found a staircase to the Crypt.
 38987 | Vaults:2 | Found Ametacaf's Antique Weapon Boutique.
 39823 | Vaults:3 | Paralysed by a great orb of eyes for 2 turns
 39829 | Vaults:3 | Paralysed by a great orb of eyes for 2 turns
 40032 | Vaults:3 | Paralysed by a sphinx for 7 turns
 40767 | Vaults:3 | You are sucked into a shaft and drop 1 floor!
 41295 | Vaults:4 | Found a runed translucent gate.
 41295 | Vaults:4 | Found an ancient bone altar of Kikubaaqudgha.
 41295 | Vaults:4 | Noticed Vomuna's ghost (legendary MfSk)
 41296 | Vaults:4 | Found a runed translucent gate.
 41296 | Vaults:4 | Found a runed translucent gate.
 41296 | Vaults:4 | Noticed dolemite99's ghost (veteran DrFE)
 41296 | Vaults:4 | Noticed an ancient lich
 41390 | Vaults:4 | Killed from afar by a Hell Sentinel

Illustrated notes

Levels and vault maps discovered:
D:1:      onia_arrival_pentagram, layout_basic
D:2:      layout_loops_ring, first_ration, serial_aquarium,
          aquarium_bridge_square [aquarium_subvault_balcony,
          aquarium_subvault_balcony, aquarium_subvault_bridge,
          aquarium_subvault_balcony], aquarium_bridge_square
          [aquarium_subvault_window, aquarium_subvault_bridge,
          aquarium_subvault_bridge, aquarium_subvault_wall], aquarium_window_2,
          aquarium_window_fake, aquarium_view_2c, serial_park_tiny_pond,
          minmay_tiny_reverse_x, uniq_robin, uniq_natasha, uniq_sigmund
D:3:      layout_basic, kennysheep_small_spiral
D:4:      layout_layer_cave, uniq_grinder, uniq_duvessa, uniq_crazy_yiuf_cottage
D:5:      minmay_angry_zag, layout_loops_ring, lemuel_blue_sif_altar,
          minmay_misc_feat_tower
D:6:      layout_basic, nicolae_overflow_hidden_temple,
          minmay_temple_entry_butterflies, minmay_misc_feat_secret_circle
D:7:      layout_basic, chequers_arboretum, grunt_livestock, uniq_joseph,
          uniq_prince_ribbit1
D:8:      layout_gridville, nicolae_ru_great_annihilating_truth,
          ashenzari_altar_1, uniq_harold
D:9:      layout_basic, kennysheep_mini_moat, ebering_ghost_disaster_area
D:10:     layout_stronghold, minmay_librarian
D:11:     layout_rooms, lair_entry_dummy, orc_0_dummy, basic_altar,
          grunt_decor_resistance
D:12:     layout_roguey, elyvilon_altar_4, uniq_maurice, uniq_rupert
D:13:     layout_cave_pools, erik_vaults_2
D:14:     layout_basic, grunt_decor_arrowhead, enter_bailey_3, serial_shops,
          shop
D:15:     gammafunk_depths_entry_grave, layout_loops_ring, uniq_nessos
Temple:   eino_temple_scatter_basement
Lair:1:   layout_cave_pods, serial_rivers, chequers_serial_rivers_large_a,
          chequers_serial_rivers_room_a, chequers_serial_rivers_micro_c,
          chequers_serial_rivers_micro_c, cheibrodos_lair_caveside_slide,
          st_stairs_8
Lair:2:   layout_small_grid, minmay_swamp_entry_swarm, grunt_megastairs_1,
          uniq_gastronok, uniq_nergalle
Lair:3:   layout_chaotic_city, guppyfry_snake_entry_island, basic_altar,
          nicolae_volcano_entry_hallway, infiniplex_staircase_pool,
          grunt_megastairs_5
Lair:4:   layout_cave_pods, gauntlet_entry_generic, pf_torpor_hydra
Lair:5:   minmay_lair_venomous_thicket, layout_cave_pods, grunt_megastairs_2
Lair:6:   evilmike_catoblepas_cave, layout_regular_city,
          minmay_slime_entry_oklob_enclosed, ice2_lemuel, lemuel_fruit_fields,
          lemuel_fruit_tree
Swamp:1:  layout_basic_swamp, evilmike_swamp_ruin_house_5, swamp_pool1
Swamp:2:  layout_basic_swamp, hangedman_swamp_ruin_wall, uniq_kirke
Swamp:3:  layout_basic_swamp, nicolae_swamp_fairy_circle
Swamp:4:  swamp_pestilence, layout_basic_swamp, swamp_pool1
Snake:1:  layout_misc_corridors, serial_shops, shop,
          nrook_guardian_serpent_ordinary
Snake:2:  layout_chambers
Snake:3:  layout_layer_cave, ebering_ghost_reflecting_pool,
          nicolae_snake_double_loop
Snake:4:  snake_pit, layout_cave_town, basic_altar, serial_bayou_lagoon_b,
          minmay_shop_grove
Orc:1:    layout_caves, portal_ice_cave_entry_animals_and_master, basic_altar,
          serial_shops, shop
Orc:2:    st_orc_elflike, layout_caves, nicolae_orc_damp_corner
Vaults:1: v_misc_29, v_rooms_1, dpeg_vaults_waves, nicolae_vaults_big_ls,
          ontoclasm_vaults_loading_screen, vaults_mumra_minichess,
          vaults_room_pool, v_misc_11, vaults_room_corners, vaults_dpeg_ring,
          layout_vaults_maze_snakey, serial_shops, nicolae_shop_stone
Vaults:2: vaults_room_large_hall, v_pattern_1, nicolae_vaults_network_star,
          v_misc_4, serial_ice_g, nicolae_vaults_alarming, grunt_vaults_twisty,
          vaults_room_door_ring, layout_vaults_quadrants,
          minmay_crypt_entry_simple_corners, serial_shops, shop
Vaults:3: v_alt_pattern_2, v_misc_28, v_rooms_2, vaults_room_ringed_pool,
          nicolae_vaults_rhombus_7, hangedman_vaults_trim, grunt_vaults_focal,
          v_alt_pattern_2, nicolae_vaults_gold_heap, hangedman_vaults_locks,
          nicolae_vaults_little_squares_6, layout_vaults_ring
Vaults:4: gammafunk_vaults_ghost_crypt, v_misc_15, vaults_room_boxed, v_misc_10,
          v_misc_4, hangedman_vaults_hat, vaults_dpeg_diagonal, v_misc_9,
          ontoclasm_vaults_shuriken, grunt_vaults_hallway_long,
          nicolae_vaults_network_s, vaults_room_hallway, nicolae_vaults_theta,
          vaults_dpeg_hooks, ontoclasm_vaults_claustrophobia,
          vaults_room_semicircle, layout_vaults_omnibox, serial_shops,
          shop_statue, uniq_bai_suzhen

Skill      XL: |  1  2  3  4  5  6  7  8  9 10 11 12 13 14 15 16 17 18 19 20 21 22 |
---------------+-------------------------------------------------------------------+-----
Fighting       | 4 5 6 7 10 12 14 15 17 | 17.7
Maces & Flails | 3 4 5 8 10 12 | 12.0
Shields        | 5 8 11 13 15 17 20 21 22 24 25 | 25.0
Invocations    | 4 9 13 15 18 21 | 21.7
Evocations     | 4 |  4.1
Armour         | |  3.2

Action                   |  1- 3 |  4- 6 |  7- 9 | 10-12 | 13-15 | 16-18 | 19-21 | 22-24 || total
-------------------------+-------+-------+-------+-------+-------+-------+-------+-------++-------
Melee: Flail             |   119 |    85 |       |       |       |       |       |       ||   204
       Whip              |       |    26 |   387 |   755 |       |       |       |       ||  1168
       Demon whip        |       |       |       |   253 |  1044 |  2285 |  2118 |   962 ||  6662
       Unarmed           |       |       |       |       |       |       |    11 |       ||    11
Throw: Dart              |       |     3 |     8 |    22 |       |       |       |       ||    33
Invok: Disaster Area     |       |       |       |       |       |    13 |    12 |     2 ||    27
       Elemental Force   |       |       |       |       |       |       |       |     1 ||     1
 Abil: Fly               |       |       |       |       |     1 |       |     1 |       ||     2
       Stop Flying       |       |       |       |       |       |     1 |       |       ||     1
Evoke: Wand              |       |       |       |     4 |       |       |     4 |       ||     8
  Use: Potion            |       |     1 |       |     5 |     4 |       |     1 |     1 ||    12
       Scroll            |       |       |     9 |    11 |     8 |     8 |     2 |     3 ||    41
 Stab: Invisible         |       |       |     2 |       |       |       |       |       ||     2
       Paralysed         |       |       |       |     1 |       |       |       |       ||     1
       Petrified         |       |       |       |       |     4 |       |       |       ||     4
       Distracted        |       |       |       |       |       |       |       |     1 ||     1
  Eat: Chunk             |     1 |     5 |    16 |    23 |    16 |    28 |    13 |    10 ||   112
       Ration            |       |       |       |     1 |     1 |     2 |     4 |       ||     8
Armor: Scale mail        |    57 |    43 |   157 |   109 |       |       |       |       ||   366
       Ring mail         |       |       |       |   140 |    11 |       |       |       ||   151
       Skin              |       |       |       |     8 |       |       |     1 |       ||     9
       Plate armour      |       |       |       |       |   232 |    41 |       |       ||   273
       Crystal plate arm |       |       |       |       |       |   602 |   570 |   298 ||  1470
Dodge: Dodged            |    43 |    37 |    68 |   221 |   114 |    89 |    81 |    50 ||   703
       Repelled          |       |       |       |       |     2 |    26 |    11 |     4 ||    43
Block: Kite shield       |    65 |    63 |   114 |   512 |   714 |   522 |       |       ||  1990
       Tower shield      |       |       |       |       |       |  1676 |  1953 |   911 ||  4540
       Other             |       |       |       |       |       |       |     1 |       ||     1
